 Dungeon Crawl Stone Soup version 0.28.0 (webtiles) character file.

Game seed: 978282627688600248

211021 AmazingTV the Warrior (level 18, -3/151 HPs)
             Began as a Minotaur Fighter on July 13, 2022.
             Was a High Priest of Okawaru.
             Slain by an acid blob (28 damage)
             ... on level 5 of the Pits of Slime on July 14, 2022.
             The game lasted 03:47:47 (40029 turns).

AmazingTV the Warrior (Minotaur Fighter)           Turns: 40029, Time: 03:47:47

Health: -3/151     AC: 22    Str: 29    XL:     18   Next: 20%
Magic:  18/23      EV: 14    Int: 10    God:    Okawaru [*****.]
Gold:   356        SH: 16    Dex: 17    Spells: 17/17 levels left

rFire   + . .      SeeInvis +   a - +10 flail "Oroih" {flame, rF+ rC++ Dex+3, mace}
rCold   + + +      Faith    .   W - +0 kite shield {rPois}
rNeg    + . .      Spirit   .   J - +8 orange crystal plate armour {Archmagi, Int+3 Clar, rare=g}
rPois   +          Reflect  .   (helmet unavailable)
rElec   +          Harm     .   m - +2 cloak {rCorr}
rCorr   +          Rampage  +   O - +2 pair of gloves {Dex+3}
Will    ++...      Archmagi +   d - +1 pair of boots {rampage}
Stlth   .......... Clarity  +   C - amulet "Lupu" {rElec rC++ Regen+ Dex-4 SInv}
HPRegen 1.15/turn  Rnd*Tele +   i - ring "Odwoig" {Will+ rCorr Str+4 Dex+3}
MPRegen 0.18/turn               M - ring of positive energy

@: mighty, heroic, finesse-ful, corroded, hasted, studying Ice Magic, invisible,
unable to read, very quick
A: horns 3, retaliatory headbutt, deformed body, deterioration 1, frail 1, low
MP 1, screaming 2, teleportitis 1, inability to read while threatened
}: 1/15 runes: serpentine
a: Renounce Religion, Heroism, Finesse, Duel


You were on level 5 of the Pits of Slime.
You worshipped Okawaru.
Okawaru was extremely pleased with you.
You visited 6 branches of the dungeon, and saw 31 of its levels.
You also visited: Ice Cave.

You collected 3071 gold pieces.
You spent 2715 gold pieces at shops.


Innate Abilities, Weirdness & Mutations

You have a pair of large horns on your head.
You reflexively headbutt those who attack you in melee.
Armour fits poorly on your strangely shaped body.
Your body sometimes deteriorates upon taking damage.
You are frail. (-10% HP)
Your magical capacity is low. (-10% MP)
You frequently scream uncontrollably at your foes.
You are occasionally teleported next to monsters.
You sometimes lose the ability to read scrolls when taking damage.


   Skills:
 + Level 16.6(21.6) Fighting
 + Level 13.0(20.6) Axes
 - Level 14.1(21.1) Maces & Flails
 - Level 11.2(17.0) Slings
 - Level 6.0(13.9) Throwing
 + Level 15.6(20.6) Armour
 - Level 10.8(15.8) Dodging
 - Level 15.0(20.0) Shields
 + Level 11.6 Invocations
 - Level 7.3 Evocations


You had 17 spell levels left.
You didn't know any spells.
Your spell library contained the following spells:

 Spells                   Type           Power      Damage    Failure   Level
 Apportation              Tloc           0%         N/A       99%         1
 Magic Dart               Conj           0%         1d3       99%         1
 Pain                     Necr           0%         1d4       99%         1
 Slow                     Hex            0%         N/A       99%         1
 Blink                    Tloc           0%         N/A       100%        2
 Searing Ray              Conj           0%         2d4       100%        2
 Sublimation of Blood     Necr           0%         N/A       100%        2
 Confusing Touch          Hex            0%         N/A       100%        3
 Frozen Ramparts          Ice            0%         1d2       100%        3
 Gell's Gravitas          Tloc           0%         N/A       100%        3
 Lesser Beckoning         Tloc           0%         N/A       100%        3
 Mephitic Cloud           Conj/Pois/Air  0%         N/A       100%        3
 Teleport Other           Tloc           0%         N/A       100%        3
 Vampiric Draining        Necr           0%         2d6       100%        3
 Anguish                  Hex/Necr       0%         N/A       100%        4
 Fulminant Prism          Conj/Hex       0%         3d6       100%        4
 Ice Form                 Ice/Tmut       0%         N/A       100%        4
 Passage of Golubria      Tloc           0%         N/A       100%        4
 Petrify                  Tmut/Erth      0%         N/A       100%        4
 Alistair's Intoxication  Tmut/Pois      0%         N/A       100%        5
 Blade Hands              Tmut           0%         N/A       100%        5
 Borgnjor's Vile Clutch   Necr/Erth      0%         N/A       100%        5
 Irradiate                Conj/Tmut      0%         3d13      100%        5
 Manifold Assault         Tloc           0%         N/A       100%        5
 Yara's Violent Unravell  Hex/Tmut       0%         3d3       100%        5
 Dispersal                Tloc           0%         N/A       100%        6
 Eringya's Noxious Bog    Tmut/Pois      0%         N/A       100%        6
 Iron Shot                Conj/Erth      0%         9d1       100%        6
 Dragon Form              Tmut           0%         N/A       100%        7
 Enfeeble                 Hex            0%         N/A       100%        7
 Animate Skeleton         Necr           Unusable   N/A       N/A         1
 Call Imp                 Summ           Unusable   N/A       N/A         2
 Tukima's Dance           Hex            Unusable   N/A       N/A         3
 Animate Armour           Summ/Erth      Unusable   N/A       N/A         4
 Animate Dead             Necr           Unusable   N/A       N/A         4
 Summon Ice Beast         Ice/Summ       Unusable   N/A       N/A         4
 Death Channel            Necr           Unusable   N/A       N/A         6
 Haunt                    Necr/Summ      Unusable   N/A       N/A         7
 Infestation              Necr           Unusable   N/A       N/A         8

Inventory:

Hand Weapons
 a - the +10 flail "Oroih" (weapon) {flame, rF+ rC++ Dex+3, mace}
   (You found it on level 3 of the Dungeon)

   It burns those it strikes, dealing additional fire damage.
   Dex:       It affects your dexterity (+3).
   rF:        It protects you from fire.
   rC:        It greatly protects you from cold.
 b - a +2 vorpal hunting sling {sling}
   (You found it on level 1 of the Dungeon)
 c - the +7 flail "Nankerr" {drain, Str+4, mace}
   (You found it on level 11 of the Dungeon)

   A truly terrible weapon, it drains the life of any living foe it strikes.
   Str:       It affects your strength (+4).
 z - a +2 flail of holy wrath {mace}
   (Okawaru gifted it to you on level 6 of the Lair of Beasts)
Missiles
 j - 7 curare-tipped darts (quivered) {=f}
 q - 3 javelins
 y - 173 sling bullets
 B - 10 poisoned darts
 P - 5 silver javelins
 T - 4 atropa-tipped darts
 U - 4 throwing nets {=f!f}
Armour
 d - a +1 pair of boots of rampaging (worn)
   (You found it in an ice cave)
 m - a +2 cloak of preservation (worn)
   (You found it on level 2 of the Dungeon)
 o - a +1 kite shield of resistance
   (You took it off a naga warrior on level 4 of the Snake Pit)
 x - +0 pearl dragon scales {rare=g}
   (You found it on level 3 of the Lair of Beasts)
 J - the +8 orange crystal plate armour (worn) {Archmagi, Int+3 Clar, rare=g}
   (You acquired it on level 2 of the Orcish Mines)

   Int:       It affects your intelligence (+3).
   Clar:      It protects you against confusion.
 L - a +1 chain mail of fire resistance
   (You found it on level 6 of the Dungeon)
 O - a +2 pair of gloves of dexterity (worn)
   (You found it in an ice cave)
 Q - the +1 ice dragon scales "Ivukarpha" {rPois rF- rC++ rN+ Dex+3}
   (You found it in an ice cave)

   Dex:       It affects your dexterity (+3).
   rF:        It makes you vulnerable to fire.
   rC:        It greatly protects you from cold.
   rPois:     It protects you from poison.
   rN:        It protects you from negative energy.
 W - a +0 kite shield of poison resistance (worn)
   (You took it off a naga warrior on level 2 of the Snake Pit)
 Y - a +2 hat of see invisible
   (You found it on level 10 of the Dungeon)
Jewellery
 f - a ring of protection from fire
   (You found it on level 4 of the Dungeon)
 i - the ring "Odwoig" (left hand) {Will+ rCorr Str+4 Dex+3}
   (You bought it in a shop on level 2 of the Orcish Mines)

   [ring of willpower]

   Str:       It affects your strength (+4).
   Dex:       It affects your dexterity (+3).
   rCorr:     It protects you from acid and corrosion.
   Will:      It increases your willpower.
 w - a +6 ring of dexterity
   (You found it on level 3 of the Dungeon)
 C - the amulet "Lupu" (around neck) {rElec rC++ Regen+ Dex-4 SInv}
   (You bought it in a shop on level 2 of the Orcish Mines)

   [amulet of regeneration]

   Dex:       It affects your dexterity (-4).
   rC:        It greatly protects you from cold.
   rElec:     It insulates you from electricity.
   SInv:      It lets you see invisible.
   Regen:     It increases your rate of health regeneration.
 D - a ring of flight
   (You found it on level 4 of the Dungeon)
 M - a ring of positive energy (right hand)
   (You found it on level 2 of the Lair of Beasts)
Wands
 r - a wand of polymorph (1)
   (You found it in an ice cave)
 s - a wand of iceblast (18)
   (You found it on level 4 of the Dungeon)
 A - a wand of digging (3)
   (You took it off Crazy Yiuf on level 3 of the Dungeon)
 I - a wand of mindburst (32)
   (You took it off Ijyb on level 5 of the Dungeon)
 N - a wand of acid (6)
   (You took it off Pikel on level 7 of the Dungeon)
Scrolls
 e - 2 scrolls of enchant weapon
 n - 2 scrolls of fear
 u - 4 scrolls of silence {!r}
 E - 4 scrolls of magic mapping {!r}
 G - 2 scrolls of blinking {!r}
 H - 2 scrolls of teleportation {@r4}
 K - 3 scrolls of fog
 R - a scroll of holy word
 V - a scroll of identify {@r1}
Potions
 k - 2 potions of resistance
 t - a potion of invisibility
 v - 2 potions of curing {@q1}
 F - 2 potions of cancellation
 Z - 3 potions of ambrosia

Dungeon Overview and Level Annotations

Branches:
Dungeon (13/15)            Temple (1/1) D:7            Lair (6/6) D:11
  Swamp (0/4) Lair:3        Snake (4/4) Lair:3        Slime (5/5) Lair:6
    Orc (2/2) D:12            Elf (0/3) Orc:2         IceCv (visited)
 Vaults: D:13-14

Altars:
Ashenzari
Cheibriados
Dithmenos
Elyvilon
Fedhas
Gozag
Hepliaklqana
Kikubaaqudgha
Makhleb
Nemelex Xobeh
Okawaru
Qazlal
Ru
Sif Muna
Trog
Uskayaw
Vehumet
Wu Jian
Xom
Yredelemnul
Zin
The Shining One

Shops:
D:4 (   Orc:2 ?*(=[=!*:   Snake:1 ((   Snake:4 *[![

Annotations:
D:13 3 runed translucent doors, Gonodgh's ghost, journeyman MiFi; Maxmaps's ghost, adept FoSk; random595's ghost, journeyman DECj
Snake:4 3 runed translucent doors, random595's ghost, adept DECj

..............#
................#
...............## ##
................#...
..................#
............G..##
.......J.J..G...#
......JJJG.....##
.......@JJ.....#
......JGJ........#
.......GJ.........#
...................#
....................
....................
.................
................


You could see 4 acid blobs, an azure jelly, 2 great orbs of eyes, a titanic
slime creature, 4 slime creatures, 2 shining eyes and a golden eye.


Message History

You gasp with relief as air once again reaches your lungs.
A large slime creature splits.
The acid blob hits you!!
You feel threatened and lose the ability to read scrolls!
* * * LOW HITPOINT WARNING * * *
You are splashed with acid.
You resist.
* * * LOW HITPOINT WARNING * * *
A large slime creature splits.
Two slime creatures merge to form a large slime creature. 😨 HP[-28]
You take 28 damage, and now have 61/151 hp.
You cannot read scrolls in your current state!
You feel better. The acid blob closely misses you. You furiously retaliate!
You headbutt the acid blob, but do no damage.
The shining eye pulsates ominously.
The acid blob hits you but does no damage.
The slime creature hits you.
* * * LOW HITPOINT WARNING * * *
You block the slime creature's attack.
Two slime creatures merge to form a large slime creature.
A shining eye comes into view. 😨 HP[+6]
You regained 6 hp, and now have 67/151 hp.
You feel much better. The acid blob hits you.
You are splashed with acid.
You resist. You block the acid blob's attack. The acid blob hits you!
* * * LOW HITPOINT WARNING * * *
You are splashed with acid.
You resist.
* * * LOW HITPOINT WARNING * * *
The acid blob hits you but does no damage.
Two slime creatures merge to form a very large slime creature.
The slime creature hits you but does no damage. 😨 HP[-7]
You take 7 damage, and now have 60/151 hp.
You bludgeon the slime creature!! You burn the slime creature!
The acid blob hits you but does no damage.
The great orb of eyes gazes at you.
Your mind is blasted!
* * * LOW HITPOINT WARNING * * *
The acid blob hits you!
* * * LOW HITPOINT WARNING * * *
The acid corrodes you!
You are splashed with acid.
You resist.
* * * LOW HITPOINT WARNING * * *
Two slime creatures merge to form an enormous slime creature. 😨 HP[-21]
You take 21 damage, and now have 39/151 hp.
You bludgeon the slime creature!! You burn the slime creature!
You kill the slime creature!
Okawaru accepts your kill. You block the acid blob's attack. x2
The acid blob misses you. You furiously retaliate!
You headbutt the acid blob. The acid blob spits acid at you.
The splash of acid hits you but does no damage.
You block the great orb of eyes's attack.
The acid blob spits acid at you. The splash of acid hits you. You resist.
* * * LOW HITPOINT WARNING * * *
The acid corrodes you! You block the azure jelly's attack.
The azure jelly barely misses you.
The azure jelly hits you but does no damage.
The azure jelly barely misses you.
A large slime creature splits.
The acid blob hits you but does no damage. 😱 HP[-3] MP[+1]
You take 3 damage, and now have 36/151 hp.
Okay, then.
You cannot read scrolls in your current state!
You feel yourself speed up. The acid blob spits acid at you.
The splash of acid hits you. You resist.
* * * LOW HITPOINT WARNING * * *
The great orb of eyes pulsates ominously.
A golden eye comes into view.
You block the acid blob's attack. The great orb of eyes gazes at you.
You resist with almost no effort. The acid blob misses you.
The acid blob hits you but does no damage.
Two slime creatures merge to form a titanic slime creature. 😱 HP[-5]
You take 5 damage, and now have 31/151 hp.
You fade into invisibility!
The golden eye blinks at you. You resist with almost no effort.
The acid blob hits you!
* * * LOW HITPOINT WARNING * * *
The acid corrodes you!
You are splashed with acid.
You resist.
* * * LOW HITPOINT WARNING * * *
The great orb of eyes gazes at you.
You easily resist.
You block the acid blob's attack. 😱 HP[-18]
You take 18 damage, and now have 13/151 hp.
You cannot read scrolls in your current state!
You feel better. The slime creature hits you.
* * * LOW HITPOINT WARNING * * *
You block the acid blob's attack. You block the slime creature's attack.
The golden eye blinks at you. You resist with almost no effort.
The acid blob hits you but does no damage.
The acid blob jiggles.
You block the acid blob's attack. 😱 HP[+4]
You regained 4 hp, and now have 17/151 hp.
You feel better. The acid blob hits you!!
You die...

Skill      XL: |  1  2  3  4  5  6  7  8  9 10 11 12 13 14 15 16 17 18 |
---------------+-------------------------------------------------------+-----
Throwing       | 1 2 3 4 5 6 |  6.0
Maces & Flails | 3 4 5 6 7 8 9 10 11 12 13 14 | 14.1
Fighting       | 4 5 6 8 9 10 11 12 13 15 16 | 16.6
Dodging        | 1 4 5 6 7 9 10 | 10.8
Invocations    | 2 5 6 7 8 9 11 | 11.6
Armour         | 4 6 7 8 9 10 11 12 13 15 | 15.6
Axes           | 3 5 7 8 9 10 12 13 | 13.0
Slings         | 3 5 6 7 9 10 11 | 11.2
Evocations     | 2 4 5 6 7 |  7.3
Shields        | 5 7 8 10 11 14 15 | 15.0

Action                   |  1- 3 |  4- 6 |  7- 9 | 10-12 | 13-15 | 16-18 || total
-------------------------+-------+-------+-------+-------+-------+-------++-------
Melee: Flail             |    85 |    70 |   130 |   424 |  1168 |  1156 ||  3033
       Headbutt          |    10 |     4 |    23 |    85 |   285 |   327 ||   734
       Unarmed           |       |       |       |     1 |       |       ||     1
 Fire: Hunting sling     |       |       |     4 |    70 |   271 |   175 ||   520
Throw: Dart              |       |     9 |    13 |    34 |    28 |     6 ||    90
       Stone             |       |       |     1 |       |       |       ||     1
       Javelin           |       |       |       |     6 |     7 |    10 ||    23
       Throwing net      |       |       |       |       |       |     1 ||     1
Invok: Heroism           |       |       |       |     3 |     9 |    10 ||    22
       Finesse           |       |       |       |     2 |    17 |    20 ||    39
Evoke: Wand              |       |       |       |       |     2 |     5 ||     7
  Use: Potion            |       |       |     1 |     1 |     5 |    16 ||    23
       Scroll            |       |       |       |    10 |    15 |     4 ||    29
 Stab: Petrified         |       |       |       |       |     7 |       ||     7
       Confused          |       |       |       |       |     4 |       ||     4
       Petrifying        |       |       |       |       |     1 |       ||     1
Armor: Scale mail        |    41 |    33 |    12 |       |       |       ||    86
       Chain mail        |       |       |    29 |   181 |   291 |       ||   501
       Pearl dragon scal |       |       |       |       |    54 |       ||    54
       Crystal plate arm |       |       |       |       |   109 |   560 ||   669
Dodge: Dodged            |    41 |    28 |    49 |   198 |   464 |   286 ||  1066
Block: Buckler           |    16 |    12 |    40 |   105 |   252 |       ||   425
       Kite shield       |       |       |       |       |   135 |   601 ||   736

Levels and vault maps discovered:
D:1:      sevenhm_arrival_forest_fort_large_4, layout_basic,
          hellmonk_ecumenical_altar_pennies_from_heaven
D:2:      layout_basic, basic_altar
D:3:      layout_loops_ring, uniq_crazy_yiuf_cottage
D:4:      layout_cave_pods, serial_shops, nicolae_shop_waterfront
D:5:      layout_cave_pods, minivault_26, uniq_ijyb
D:6:      layout_cave_pools, nicolae_grassy_gnolls
D:7:      layout_loops_cross, temple_doors_ab,
          minmay_a_box_with_orc_wizards_in_it, uniq_pikel, uniq_joseph,
          uniq_menkaure, uniq_maggie, uniq_duvessa
D:8:      layout_loops_corners, uniq_harold
D:9:      layout_basic, lemuel_tele_altar
D:10:     layout_basic, chequers_serial_rivers_micro_d,
          kennysheep_decorative_pillar, grunt_ministairs_12, minmay_misc_feat_x,
          hangedman_minor_magic
D:11:     layout_cave_pools, grunt_lair_entry_orc_guard_hut
D:12:     layout_cave_pods, david_orc_3
D:13:     layout_gridville, gammafunk_ghost_cemetery
Temple:   compressed_dpeg_circular_temple
Lair:1:   dpeg_oklob_gauntlet, layout_regular_city, basic_altar,
          serial_bayou_shore_b
Lair:2:   wander_river, layout_cave_pods, gauntlet_entry_generic,
          small_statue_intersection
Lair:3:   layout_roguey, nicolae_swamp_entry_splash_gauntlet,
          minmay_snake_entry_six_corridors, nzn_random_ring
Lair:4:   layout_regular_city, beast_lair_carwin_3
Lair:5:   layout_loops_ring, serial_bayou_shore_a
Lair:6:   wormcave, layout_misc_corridors, guppyfry_lair_end_dragon,
          nicolae_slime_entry_slimehenge, serial_bayou_shore_b,
          infiniplex_staircase_pool_2
Snake:1:  layout_misc_corridors, serial_shops, shop, nicolae_take_the_stairs,
          uniq_louise
Snake:2:  layout_cave_pods, grunt_megastairs_5
Snake:3:  nicolae_cobra_stairs, layout_layer_cave, nicolae_snake_salamander_zone
Snake:4:  grunt_snake_rune_spirals, layout_onion_interference, serial_shops,
          nicolae_shop_overgrown_old_shop, shop, shop, shop,
          portal_ice_cave_entry_dragon, gammafunk_ghost_necromancy,
          serial_bayou_shore_b, uniq_donald, uniq_saint_roka, uniq_bai_suzhen
Slime:1:  layout_caves
Slime:2:  layout_caves
Slime:3:  layout_caves, cheibrodos_slime_lost_civilization_4
Slime:4:  layout_caves
Slime:5
Orc:1:    layout_diamond_mine
Orc:2:    st_orc_elflike, layout_caves, serial_shops, nicolae_shop_stone, shop,
          shop, nicolae_shop_advertising_works [nicolae_subvault_shop_adworks],
          shop

Notes
Turn   | Place    | Note
-------+----------+-------------------------------------------
     0 | D:1      | AmazingTV the Minotaur Fighter began the quest for the Orb.
     0 | D:1      | Reached XP level 1. HP: 19/19 MP: 0/0
     0 | D:1      | magus.rc [v1.9.6]
   281 | D:1      | Reached skill level 1 in Throwing
   323 | D:1      | Reached XP level 2. HP: 13/26 MP: 1/1
   326 | D:1      | Reached skill level 3 in Maces & Flails
   788 | D:1      | Found a faded altar of an unknown god.
  1209 | D:2      | Reached XP level 3. HP: 31/31 MP: 2/2
  1722 | D:2      | Found a shadowy altar of Dithmenos.
  1750 | D:2      | Reached skill level 2 in Throwing
  2107 | D:3      | Reached skill level 4 in Maces & Flails
  2117 | D:3      | Identified the +10 flail "Oroih" {flame, rF+ rC++ Dex+3}
  2167 | D:3      | You add the spells Gell's Gravitas, Teleport Other and
                  | Dispersal to your library.
  2258 | D:3      | Reached XP level 4. HP: 37/39 MP: 3/3
  2580 | D:3      | Found a runed translucent door.
  2581 | D:3      | Noticed Crazy Yiuf
  2829 | D:3      | Killed Crazy Yiuf
  3064 | D:4      | Reached skill level 3 in Throwing
  3064 | D:4      | Reached XP level 5. HP: 45/46 MP: 2/4
  3068 | D:4      | Reached skill level 4 in Fighting
  3152 | D:4      | Reached skill level 5 in Maces & Flails
  3478 | D:4      | Noticed an ogre
  3479 | D:4      | Reached XP level 6. HP: 27/53 MP: 2/5
  3982 | D:4      | Reached skill level 4 in Throwing
  4068 | D:4      | Found Onteteg's Antique Weapon Shop.
  4106 | D:4      | Reached skill level 5 in Fighting
  4174 | D:4      | You pick up a book of Displacement and begin reading...
  4469 | D:4      | Reached skill level 6 in Maces & Flails
  4469 | D:4      | Reached XP level 7. HP: 61/61 MP: 6/6
  4592 | D:5      | Entered Level 5 of the Dungeon
  4745 | D:5      | You pick up a book of Unlife and begin reading...
  4745 | D:5      | You add the spells Animate Dead, Borgnjor's Vile Clutch and
                  | Death Channel to your library.
  4921 | D:5      | Reached skill level 6 in Fighting
  4928 | D:5      | Reached skill level 5 in Throwing
  4992 | D:5      | Noticed Ijyb
  5000 | D:5      | Killed Ijyb
  5089 | D:5      | You pick up a book of Necromancy and begin reading...
  5089 | D:5      | You add the spells Pain, Animate Skeleton and Vampiric
                  | Draining to your library.
  5238 | D:5      | Reached skill level 7 in Maces & Flails
  5246 | D:5      | Reached XP level 8. HP: 46/71 MP: 4/7
  5390 | D:5      | You pick up a book of Debilitation and begin reading...
  5390 | D:5      | You add the spells Slow and Confusing Touch to your
                  | library.
  5546 | D:5      | You pick up a book of Death and begin reading...
  5546 | D:5      | You add the spells Haunt and Infestation to your library.
  5842 | D:6      | Reached skill level 7 in Fighting
  5895 | D:6      | Reached skill level 8 in Maces & Flails
  5895 | D:6      | Reached skill level 6 in Throwing
  6161 | D:6      | Reached skill level 1 in Dodging
  6161 | D:6      | Reached skill level 1 in Invocations
  6166 | D:6      | Reached skill level 4 in Armour
  6258 | D:6      | Reached skill level 2 in Invocations
  6340 | D:7      | Noticed Menkaure
  6344 | D:7      | Killed Menkaure
  6345 | D:7      | Reached skill level 8 in Fighting
  6357 | D:7      | Reached XP level 9. HP: 81/81 MP: 9/9
  6361 | D:7      | Reached skill level 2 in Dodging
  6421 | D:7      | Noticed Pikel
  6435 | D:7      | Reached skill level 3 in Invocations
  6445 | D:7      | Killed Pikel
  6446 | D:7      | Reached skill level 9 in Maces & Flails
  6446 | D:7      | Reached skill level 5 in Armour
  6580 | D:7      | Noticed Maggie
  6592 | D:7      | Killed Maggie
  6593 | D:7      | Reached skill level 3 in Dodging
  6593 | D:7      | Reached skill level 4 in Invocations
  6796 | D:7      | Noticed Joseph
  6815 | D:7      | HP: 20/82 [wight (1)]
  6817 | D:7      | Killed Joseph
  6818 | D:7      | Reached skill level 5 in Invocations
  7224 | D:7      | Found a staircase to the Ecumenical Temple.
  7229 | Temple   | Entered the Ecumenical Temple
  7297 | Temple   | Became a worshipper of Warmaster Okawaru
  7407 | D:7      | Reached skill level 4 in Dodging
  7420 | D:7      | Reached skill level 9 in Fighting
  7483 | D:7      | You pick up a book of Maledictions and begin reading...
  7483 | D:7      | You add the spells Anguish and Enfeeble to your library.
  7565 | D:7      | Noticed Duvessa
  7566 | D:7      | Noticed Dowan
  7578 | D:7      | Killed Duvessa
  7582 | D:7      | Killed Dowan
  7583 | D:7      | Reached skill level 6 in Armour
  7583 | D:7      | Reached XP level 10. HP: 91/91 MP: 13/13
  7956 | D:8      | Reached * piety under Okawaru
  8238 | D:8      | Noticed Harold
  8359 | D:8      | Reached skill level 1 in Axes
  8359 | D:8      | Reached skill level 1 in Slings
  8463 | D:8      | Killed Harold
  8464 | D:8      | Reached skill level 1 in Evocations
  8826 | D:8      | Reached skill level 6 in Invocations
  9180 | D:9      | You pick up a book of Conjurations and begin reading...
  9180 | D:9      | You add the spells Magic Dart, Searing Ray and Fulminant
                  | Prism to your library.
  9216 | D:9      | Found a sacrificial altar of Ru.
  9216 | D:9      | Noticed a two-headed ogre
  9241 | D:9      | Killed a two-headed ogre
  9242 | D:9      | Reached skill level 2 in Axes
  9242 | D:9      | Reached skill level 2 in Slings
  9247 | D:9      | Reached ** piety under Okawaru
  9545 | D:9      | Reached skill level 10 in Maces & Flails
  9545 | D:9      | Reached skill level 2 in Evocations
  9549 | D:9      | Reached skill level 5 in Dodging
  9751 | D:9      | Reached skill level 3 in Axes
  9943 | D:9      | Reached skill level 3 in Slings
  9949 | D:9      | Reached *** piety under Okawaru
 10136 | D:9      | Reached skill level 7 in Armour
 10136 | D:9      | Reached XP level 11. HP: 92/99 MP: 13/15
 10472 | D:10     | Entered Level 10 of the Dungeon
 11518 | D:10     | Reached skill level 4 in Shields
 11654 | D:10     | Reached skill level 3 in Evocations
 12118 | D:10     | Reached skill level 4 in Axes
 12210 | D:10     | Reached skill level 10 in Fighting
 12244 | D:10     | Noticed a deep elf pyromancer
 12249 | D:10     | Killed a deep elf pyromancer
 12249 | D:10     | Reached **** piety under Okawaru
 12252 | D:10     | You pick up a book of Minor Magic and begin reading...
 12254 | D:10     | You pick up a book of Minor Magic and begin reading...
 12259 | D:10     | Noticed a deep elf zephyrmancer
 12269 | D:10     | Killed a deep elf zephyrmancer
 12269 | D:10     | Received a gift from Okawaru
 12270 | D:10     | Reached skill level 4 in Slings
 12406 | D:11     | Identified the +7 flail "Nankerr" {drain, Str+4}
 12479 | D:11     | Reached skill level 6 in Dodging
 12799 | D:11     | Found a staircase to the Lair.
 13222 | D:12     | Noticed a deep elf pyromancer
 13230 | D:12     | Killed a deep elf pyromancer
 13230 | D:12     | Received a gift from Okawaru
 13284 | D:12     | Identified the +1 leather armour of the Blind Marksman
                  | {Harm Regen+ Str-5}
 13355 | D:12     | Noticed a four-headed hydra
 13363 | D:12     | Killed a four-headed hydra
 13364 | D:12     | Reached skill level 5 in Shields
 13503 | D:12     | Found a staircase to the Orcish Mines.
 13544 | D:12     | Reached skill level 5 in Axes
 13664 | D:12     | Noticed a two-headed ogre
 13675 | D:12     | Killed a two-headed ogre
 13676 | D:12     | Reached skill level 8 in Armour
 14012 | D:12     | Reached ***** piety under Okawaru
 14013 | D:12     | Reached skill level 5 in Slings
 14253 | D:12     | Reached skill level 4 in Evocations
 14341 | D:13     | Noticed a centaur warrior
 14354 | D:12     | Reached skill level 11 in Maces & Flails
 14640 | D:13     | Received a gift from Okawaru
 14641 | D:13     | Reached XP level 12. HP: 66/107 MP: 16/16
 14903 | D:13     | Noticed an eight-headed hydra
 14914 | D:13     | Killed an eight-headed hydra
 15422 | D:13     | Reached skill level 7 in Dodging
 15539 | D:13     | Killed a centaur warrior
 15540 | D:13     | Reached skill level 6 in Shields
 15726 | D:13     | Received a gift from Okawaru
 15727 | D:13     | Reached skill level 6 in Axes
 15786 | D:13     | Found a runed translucent gate.
 15787 | D:13     | Found a runed translucent gate.
 15788 | D:13     | Found a runed translucent gate.
 15917 | D:13     | Noticed random595's ghost (journeyman DECj)
 15917 | D:13     | Noticed Gonodgh's ghost (journeyman MiFi)
 15917 | D:13     | Noticed Maxmaps's ghost (adept FoSk)
 16400 | Lair:1   | Entered Level 1 of the Lair of Beasts
 16414 | Lair:1   | Reached skill level 11 in Fighting
 16485 | Lair:1   | Reached skill level 6 in Slings
 16543 | Lair:1   | Reached skill level 9 in Armour
 16600 | Lair:1   | You pick up a book of Alchemy and begin reading...
 16600 | Lair:1   | You add the spells Sublimation of Blood, Petrify and
                  | Irradiate to your library.
 16767 | Lair:1   | Reached skill level 5 in Evocations
 17107 | Lair:1   | Found a shimmering altar of Xom.
 17213 | Lair:1   | Reached skill level 7 in Shields
 17688 | Lair:2   | Reached skill level 7 in Axes
 17716 | Lair:2   | Noticed a four-headed hydra
 17725 | Lair:2   | Killed a four-headed hydra
 17726 | Lair:2   | Reached XP level 13. HP: 113/116 MP: 17/17
 17903 | Lair:2   | Found a gate leading to a gauntlet.
 17941 | Lair:2   | Reached skill level 8 in Dodging
 18086 | Lair:2   | Received a gift from Okawaru
 18175 | Lair:2   | You pick up a book of Iron and begin reading...
 18175 | Lair:2   | You add the spells Blade Hands and Iron Shot to your
                  | library.
 18606 | Lair:2   | Reached skill level 12 in Maces & Flails
 18606 | Lair:2   | Reached skill level 7 in Slings
 18983 | Lair:3   | You pick up a book of Party Tricks and begin reading...
 18983 | Lair:3   | You add the spells Apportation and Alistair's Intoxication
                  | to your library.
 19207 | Lair:3   | HP: 22/117 [komodo dragon (22)]
 19210 | Lair:3   | Reached skill level 10 in Armour
 19212 | Lair:3   | HP: 20/117 [poisoned by a cane toad]
 19527 | Lair:3   | You pick up a book of Conjurations and begin reading...
 19625 | Lair:3   | HP: 29/117 [poisoned by a black mamba]
 19630 | Lair:3   | HP: 18/117 [poisoned by a black mamba]
 19635 | Lair:3   | HP: 14/117 [poisoned by a black mamba]
 19939 | Lair:3   | Reached skill level 8 in Shields
 20019 | Lair:3   | Identified +0 pearl dragon scales
 20078 | Lair:3   | HP: 29/117 [catoblepas (19)]
 20082 | Lair:3   | Reached skill level 6 in Evocations
 20441 | Lair:3   | Found a staircase to the Snake Pit.
 20618 | Lair:3   | Reached skill level 8 in Axes
 20716 | Lair:3   | You pick up a book of Rime and begin reading...
 20716 | Lair:3   | You add the spells Frozen Ramparts and Ice Form to your
                  | library.
 20824 | Lair:3   | Reached skill level 12 in Fighting
 20922 | Lair:3   | Found a staircase to the Swamp.
 21287 | Lair:4   | Reached ****** piety under Okawaru
 21325 | Lair:4   | Identified the +0 buckler "Kuskoiq" {rC+} (Okawaru gifted
                  | it to you on level 4 of the Lair of Beasts)
 21325 | Lair:4   | Received a gift from Okawaru
 21337 | Lair:4   | Reached skill level 9 in Dodging
 21444 | Lair:4   | Reached XP level 14. HP: 105/126 MP: 18/18
 21874 | Lair:4   | Reached skill level 8 in Slings
 22796 | Lair:5   | Reached skill level 9 in Shields
 23424 | Lair:5   | Reached skill level 9 in Axes
 23918 | Lair:6   | Entered Level 6 of the Lair of Beasts
 24055 | Lair:6   | Reached skill level 11 in Armour
 24061 | Lair:6   | Reached skill level 13 in Maces & Flails
 24078 | Lair:6   | Received a gift from Okawaru
 24079 | Lair:6   | Reached skill level 7 in Evocations
 24448 | Lair:6   | Found a runed translucent door.
 25397 | Lair:6   | Found a staircase to the Slime Pits.
 25453 | Lair:6   | You pick up a book of Minor Magic and begin reading...
 25844 | Lair:6   | You add the spells Passage of Golubria and Yara's Violent
                  | Unravelling to your library.
 26263 | Orc:1    | Entered Level 1 of the Orcish Mines
 26446 | Orc:1    | Received a gift from Okawaru
 26619 | Orc:2    | Entered Level 2 of the Orcish Mines
 26749 | Orc:2    | Found Utyug's Jewellery Boutique.
 26773 | Orc:2    | Found Unkoec's Jewellery Shop.
 26796 | Orc:2    | Found Menosk's Assorted Antiques.
 26820 | Orc:2    | Reached skill level 10 in Dodging
 26915 | Orc:2    | Found Urghuargh's Magic Scroll Emporium.
 27060 | Orc:2    | Reached skill level 7 in Invocations
 27188 | Orc:2    | Reached skill level 13 in Fighting
 27216 | Orc:2    | Found Wahyuq's Book Shop.
 27233 | Orc:2    | Identified the +6 plate armour "Kalytuib" {rC+++ Dex+2}
                  | (Okawaru gifted it to you on level 2 of the Orcish Mines)
 27233 | Orc:2    | Received a gift from Okawaru
 27234 | Orc:2    | Reached skill level 9 in Slings
 27268 | Orc:2    | Found a staircase to the Elven Halls.
 27364 | Orc:2    | Bought a scroll of noise for 13 gold pieces
 27364 | Orc:2    | Bought a scroll of silence for 97 gold pieces
 27364 | Orc:2    | Bought a scroll of holy word for 97 gold pieces
 27434 | Orc:2    | Paralysed by an orc sorcerer for 7 turns
 27565 | Orc:2    | Found Joikuic's Assorted Antiques.
 27601 | Orc:2    | Reached skill level 10 in Shields
 27601 | Orc:2    | Reached XP level 15. HP: 93/135 MP: 19/19
 27763 | Orc:1    | Noticed an orc warlord
 27780 | Orc:1    | Killed an orc warlord
 27781 | Orc:1    | Reached skill level 10 in Axes
 28353 | Orc:2    | Found Natu's Armour Shop.
 28419 | Orc:2    | Found Beuleak's Weapon Emporium.
 28419 | Orc:2    | Found Ibbanlae's Distillery.
 28510 | Orc:2    | Bought a scroll of identify for 48 gold pieces
 28512 | Orc:2    | Bought a potion of heal wounds for 55 gold pieces
 28512 | Orc:2    | Bought a potion of heal wounds for 55 gold pieces
 28512 | Orc:2    | Bought 2 potions of might for 88 gold pieces
 28939 | Orc:2    | Bought a scroll labelled EBLYTZ TASCHIA for 27 gold pieces
 29148 | Orc:2    | Bought the ring "Odwoig" {Will+ rCorr Str+4 Dex+3} for 679
                  | gold pieces
 29159 | Orc:2    | Bought the amulet "Lupu" {rElec rC++ Regen+ Dex-4 SInv} for
                  | 744 gold pieces
 29174 | Orc:2    | Acquired the +8 orange crystal plate armour {Archmagi,
                  | Int+3 Clar}
 29174 | Orc:2    | Found the +8 orange crystal plate armour {Archmagi, Int+3
                  | Clar, rare=g}
 29319 | Snake:1  | Entered Level 1 of the Snake Pit
 29500 | Snake:1  | Noticed Louise
 29520 | Snake:1  | Killed Louise
 29579 | Snake:1  | Found Plog's Antique Weapon Shoppe.
 29695 | Snake:1  | Found Udagh's Antique Weapon Shoppe.
 29839 | Snake:1  | Reached skill level 12 in Armour
 29968 | Snake:1  | Bought a translucent hunting sling for 234 gold pieces
 29968 | Snake:1  | Identified the +3 hunting sling "Earthworm" {vorpal, rF+
                  | Int+6 Dex-2} (You bought it in a shop on level 1 of the
                  | Snake Pit)
 30096 | Snake:2  | Received a gift from Okawaru
 30594 | Snake:2  | Reached skill level 14 in Maces & Flails
 30875 | Snake:2  | Identified the +1 ring mail of Patience {Drain rElec rCorr
                  | Stlth+}
 31043 | Snake:2  | Reached skill level 8 in Invocations
 31257 | Snake:2  | You pick up a book of Spatial Translocations and begin
                  | reading...
 31257 | Snake:2  | You add the spells Blink and Manifold Assault to your
                  | library.
 31734 | Snake:3  | Noticed a nagaraja
 31767 | Snake:3  | Killed a nagaraja
 31768 | Snake:3  | Reached skill level 10 in Slings
 31774 | Snake:3  | Received a gift from Okawaru
 31775 | Snake:3  | Reached skill level 11 in Shields
 32011 | Snake:3  | Noticed a nagaraja
 32029 | Snake:3  | Killed a nagaraja
 32277 | Snake:3  | Reached XP level 16. HP: 136/145 MP: 21/21
 32489 | Snake:3  | Reached skill level 14 in Fighting
 32712 | Snake:3  | Reached skill level 12 in Shields
 33064 | Snake:3  | Received a gift from Okawaru
 33140 | Snake:3  | You pick up a book of Transfigurations and begin reading...
 33160 | Snake:3  | Reached skill level 13 in Armour
 33365 | Snake:3  | Reached skill level 9 in Invocations
 33581 | Snake:3  | Received a gift from Okawaru
 33619 | Snake:3  | HP: 32/147 [nagaraja (14)]
 34064 | Snake:4  | Entered Level 4 of the Snake Pit
 34064 | Snake:4  | Found Komod's Assorted Antiques.
 34064 | Snake:4  | Found Hugeurhy's Antique Armour Shop.
 34074 | Snake:4  | Reached skill level 11 in Slings
 34074 | Snake:4  | Reached skill level 13 in Shields
 34078 | Snake:4  | Received a gift from Okawaru
 34132 | Snake:4  | Found Ucynosye's Distillery.
 34211 | Snake:4  | Found a frozen archway.
 34217 | Snake:4  | Identified the +1 pair of gloves of the Accordion {rPois}
                  | (Okawaru gifted it to you on level 4 of the Snake Pit)
 34217 | Snake:4  | Received a gift from Okawaru
 34238 | IceCv    | Entered an ice cave
 34364 | IceCv    | You pick up a book of Rime and begin reading...
 34690 | IceCv    | Noticed a shard shrike
 34700 | IceCv    | Killed a shard shrike
 34704 | IceCv    | Reached skill level 15 in Fighting
 34704 | IceCv    | Reached skill level 14 in Shields
 34994 | IceCv    | Reached XP level 17. HP: 156/156 MP: 23/23
 35024 | IceCv    | Identified the +1 ice dragon scales "Ivukarpha" {rPois rF-
                  | rC++ rN+ Dex+3}
 35403 | Snake:4  | HP: 37/156 [nagaraja (15)]
 35409 | Snake:4  | HP: 27/156 [nagaraja (13)]
 35415 | Snake:4  | HP: 26/156 [nagaraja (10)]
 35415 | Snake:4  | HP: 9/156 [nagaraja (17)]
 35421 | Snake:4  | HP: 38/156 [poisoned by a nagaraja (splash of poison)]
 35426 | Snake:4  | HP: 30/156 [constriction (2)]
 35430 | Snake:4  | Reached skill level 14 in Armour
 35431 | Snake:3  | HP: 20/156 [poisoned by a nagaraja (splash of poison)]
 35610 | Snake:4  | Reached skill level 11 in Axes
 35627 | Snake:4  | Reached skill level 10 in Invocations
 35698 | Snake:4  | Found Ughegg's Antique Armour Boutique.
 35710 | Snake:4  | Bought a pair of polished boots for 266 gold pieces
 35710 | Snake:4  | Identified the +1 pair of boots "Awipesm" {rC+} (You bought
                  | it in a shop on level 4 of the Snake Pit)
 35878 | Snake:4  | Noticed Donald
 35896 | Snake:4  | Killed Donald
 36014 | Snake:4  | Noticed Saint Roka
 36047 | Snake:4  | Found a runed translucent gate.
 36047 | Snake:4  | Found a runed translucent gate.
 36128 | Snake:4  | Found a runed translucent gate.
 36129 | Snake:4  | Noticed random595's ghost (adept DECj)
 36233 | Snake:4  | Bought a potion of curing for 117 gold pieces
 36233 | Snake:4  | Bought a potion of heal wounds for 195 gold pieces
 36283 | Snake:4  | Received a gift from Okawaru
 36377 | Snake:4  | HP: 32/156 [poisoned by a nagaraja (bolt of poison)]
 36382 | Snake:4  | HP: 23/156 [poisoned by a nagaraja (bolt of poison)]
 36523 | Snake:4  | Reached skill level 15 in Shields
 36652 | Snake:4  | Received a gift from Okawaru
 36914 | Snake:4  | Identified the +0 scale mail of Infinity {rC+ Dex+4}
                  | (Okawaru gifted it to you on level 4 of the Snake Pit)
 36914 | Snake:4  | Received a gift from Okawaru
 37007 | Snake:4  | Noticed Bai Suzhen
 37033 | Snake:4  | Killed Bai Suzhen
 37076 | Snake:4  | Got a serpentine rune of Zot
 37362 | Snake:4  | Reached skill level 12 in Axes
 37591 | Snake:4  | Killed Saint Roka
 37592 | Snake:4  | Reached skill level 16 in Fighting
 37592 | Snake:4  | Reached skill level 15 in Armour
 37592 | Snake:4  | Reached skill level 11 in Invocations
 38085 | Snake:4  | magus.rc [v1.9.6]
 38309 | Slime:1  | Entered Level 1 of the Pits of Slime
 38750 | Slime:2  | Gained mutation: You are frail. (-10% HP) [a shining eye]
 38761 | Slime:2  | Gained mutation: You occasionally shout uncontrollably at
                  | your foes. [a shining eye]
 38771 | Slime:2  | Gained mutation: Your magical capacity is low. (-10% MP) [a
                  | shining eye]
 39285 | Slime:4  | Reached XP level 18. HP: 150/150 MP: 22/22
 39314 | Slime:4  | Gained mutation: You have a pair of large horns on your
                  | head. [a shining eye]
 39315 | Slime:4  | Gained mutation: You frequently scream uncontrollably at
                  | your foes. [a shining eye]
 39390 | Slime:4  | Gained mutation: Armour fits poorly on your strangely
                  | shaped body. [a shining eye]
 39391 | Slime:4  | Gained mutation: You are occasionally teleported next to
                  | monsters. [a shining eye]
 39396 | Slime:4  | Gained mutation: You sometimes lose the ability to read
                  | scrolls when taking damage. [a shining eye]
 39696 | Slime:5  | Entered Level 5 of the Pits of Slime
 39999 | Slime:5  | Reached skill level 13 in Axes
 40004 | Slime:5  | Gained mutation: Your body sometimes deteriorates upon
                  | taking damage. [a shining eye]
 40025 | Slime:5  | HP: 36/151 [acid blob/splash of acid (5)]
 40027 | Slime:5  | HP: 17/151 [acid blob (15)]
 40029 | Slime:5  | Slain by an acid blob

Vanquished Creatures
  Bai Suzhen (Snake:4)
  A shard shrike (IceCv)
  Saint Roka (Snake:4)
  2 acid blobs (Slime:5)
  Donald (Snake:4)
  4 azure jellies
  A rockslime (Slime:5)
  19 nagarajas
  An orc warlord (Orc:1)
  Louise (Snake:1)
  4 quicksilver oozes
  A white draconian (IceCv)
  2 great orbs of eyes (Slime:4)
  A fire dragon (Lair:6)
  3 ice dragons
  A boulder beetle (Lair:5)
  Harold (D:8)
  7 hydras
  2 salamander tyrants (Snake:4)
  9 anacondas
  19 naga warriors
  4 catoblepae
  3 two-headed ogres
  4 ironbound frosthearts (IceCv)
  A centaur warrior (D:13)
  6 death yaks
  18 naga sharpshooters
  4 orc high priests (Orc:2)
  8 shock serpents
  6 salamander mystics
  A swamp dragon (Lair:6)
  2 bog bodies (Lair:3)
  7 naga ritualists
  Pikel (D:7)
  An orange crystal statue (IceCv)
  7 orc knights
  A deep elf zephyrmancer (D:10)
  3 deep elf pyromancers
  7 ugly things
  5 orc sorcerers (Orc:2)
  2 oklob plants (Lair:1)
  8 mana vipers
  3 lindwurms
  4 shining eyes
  26 salamanders
  A cyclops (D:13)
  51 slime creatures
  34 black mambas
  2 manticores (D:13)
  Joseph (D:7)
  8 elephants (Lair:4)
  9 guardian serpents
  14 naga magi
  7 torpor snails
  Maggie (D:7)
  13 cane toads
  An unseen horror (D:12)
  11 komodo dragons
  21 rime drakes
  3 tyrant leeches (Lair:6)
  13 trolls
  21 polar bears
  10 blink frogs
  8 hornets
  10 dream sheep
  5 wyverns
  4 wraiths
  44 yaks
  13 golden eyes
  2 steam dragons
  7 vampire mosquitoes
  5 basilisks
  Menkaure (D:7)
  6 wargs
  27 nagas
  3 acid dragons
  A swamp worm (Lair:3)
  Duvessa (D:7)
  25 water moccasins
  3 swamp drakes
  A hornet zombie (D:6)
  An ice beast (D:6)
  2 black bears
  A sky beast (D:7)
  38 orc warriors
  A necrophage (D:6)
  6 ogres
  3 wolves (Lair:3)
  9 centaurs
  A lemure (D:7)
  14 bullfrogs
  A gnoll sergeant (D:6)
  A water moccasin zombie (D:5)
  2 scorpions (D:11)
  A wyvern skeleton (D:6)
  Dowan (D:7)
  A water moccasin skeleton (D:5)
  11 wights
  11 electric eels
  3 howler monkeys
  2 centaur zombies
  A crimson imp (D:10)
  A lava snake (Snake:3)
  A bullfrog zombie (D:5)
  5 hounds
  3 jellies (Lair:6)
  19 orc priests
  Crazy Yiuf (D:3)
  A gnoll shaman (D:5)
  An iron imp (D:10)
  A centaur skeleton (D:7)
  35 orc wizards
  8 iguanas
  Ijyb (D:5)
  A hound skeleton (D:4)
  A howler monkey zombie (D:8)
  12 gnolls
  7 adders
  2 shadow imps
  2 white imps
  A worm (D:2)
  A dart slug (D:2)
  75 orcs
  6 bats
  7 endoplasms
  3 giant cockroaches
  6 goblins
  9 hobgoblins
  5 kobolds
  4 quokkas (D:4)
  5 ball pythons
  5 frilled lizards
  4 rats (D:1)
945 creatures vanquished.

Vanquished Creatures (others)
  A polar bear (IceCv)
  A yak (Lair:6)
  An orc (Snake:4)
  54 fungi
  97 plants
154 creatures vanquished.

Grand Total: 1099 creatures vanquished

Table legend:
 A = Non-vault XP
 B = Vault XP
 C = Vault XP percentage of total XP
 D = Non-vault monster count
 E = Vault monster count
 F = Vault count percentage of total count
                 A         B        C        D         E       F
            +---------+---------+-------+---------+---------+-------
      Total |  171915 |  135639 |  44.1 |     650 |     297 |  31.4
            +---------+---------+-------+---------+---------+-------
        D:1 |      31 |       0 |   0.0 |      19 |       0 |   0.0
        D:2 |      34 |       0 |   0.0 |      11 |       0 |   0.0
        D:3 |     105 |      40 |  27.6 |      16 |       1 |   5.9
        D:4 |     525 |       0 |   0.0 |      30 |       0 |   0.0
        D:5 |     689 |      35 |   4.8 |      15 |       1 |   6.2
        D:6 |    1005 |     143 |  12.5 |       9 |       5 |  35.7
        D:7 |    1077 |    2046 |  65.5 |      15 |       9 |  37.5
        D:8 |     707 |     871 |  55.2 |      13 |       1 |   7.1
        D:9 |    3715 |       0 |   0.0 |      19 |       0 |   0.0
       D:10 |    2528 |    1930 |  43.3 |      29 |      19 |  39.6
       D:11 |    1146 |     617 |  35.0 |       5 |       6 |  54.5
       D:12 |    4096 |     209 |   4.9 |      11 |       3 |  21.4
       D:13 |    7269 |       0 |   0.0 |      18 |       0 |   0.0
     Lair:1 |    7014 |    1137 |  13.9 |      26 |       2 |   7.1
     Lair:2 |    6959 |       0 |   0.0 |      19 |       0 |   0.0
     Lair:3 |    5537 |    7833 |  58.6 |      19 |      25 |  56.8
     Lair:4 |   11318 |    1540 |  12.0 |      25 |       4 |  13.8
     Lair:5 |    7694 |       0 |   0.0 |      28 |       0 |   0.0
     Lair:6 |    5294 |   10671 |  66.8 |      19 |      38 |  66.7
    Snake:1 |   10398 |    1223 |  10.5 |      18 |       1 |   5.3
    Snake:2 |   10956 |    5344 |  32.8 |      22 |       9 |  29.0
    Snake:3 |   25605 |   21508 |  45.7 |      44 |      33 |  42.9
    Snake:4 |   14660 |   45421 |  75.6 |      28 |      62 |  68.9
    Slime:1 |    5897 |       0 |   0.0 |      10 |       0 |   0.0
    Slime:2 |    3680 |       0 |   0.0 |       9 |       0 |   0.0
    Slime:3 |    5157 |       0 |   0.0 |      16 |       0 |   0.0
    Slime:4 |   11129 |       0 |   0.0 |      28 |       0 |   0.0
    Slime:5 |    6001 |    2771 |  31.6 |      12 |       2 |  14.3
      Orc:1 |    5940 |       0 |   0.0 |      65 |       0 |   0.0
      Orc:2 |    5749 |    8096 |  58.5 |      52 |      25 |  32.5
      IceCv |       0 |   24204 | 100.0 |       0 |      51 | 100.0
            +---------+---------+-------+---------+---------+-------

Illustrated notes

Table legend:
 A = Kills in this place as a percentage of kills in entire the game.
 B = Kills by you in this place as a percentage of kills by you in the entire game.
 C = Kills by friends in this place as a percentage of kills by friends in the entire game.
 D = Other kills in this place as a percentage of other kills in the entire game.
 E = Experience gained in this place as a percentage of experience gained in the entire game.
 F = Experience gained in this place divided by the number of levels of this place that you have seen.
                   A       B       C       D       E      F
               +-------+-------+-------+-------+-------+----------------------
         Total | 100.0 | 100.0 |   N/A | 100.0 | 100.0 | 9611.1
       Dungeon |  26.9 |  27.0 |   N/A |   0.0 |   9.4 | 2216.8
          Lair |  21.6 |  21.6 |   N/A |  33.3 |  21.1 | 10832.8
     Snake Pit |  22.9 |  22.9 |   N/A |  33.3 |  43.9 | 33778.8
    Slime Pits |   8.1 |   8.2 |   N/A |   0.0 |  11.3 | 6927.0
  Orcish Mines |  15.0 |  15.0 |   N/A |   0.0 |   6.4 | 9892.5
      Ice Cave |   5.4 |   5.3 |   N/A |  33.3 |   7.9 | 24204.0
               +-------+-------+-------+-------+-------+----------------------

Table legend: (Time is in decaauts)
 A = Elapsed time spent in this place.
 B = Non-inter-level travel time spent in this place.
 C = Inter-level travel time spent in this place.
 D = Time resting spent in this place.
 E = Time spent auto-exploring this place.
 F = Levels seen in this place.
 G = Mean time per level.
                   A        B        C        D        E       F      G
               +--------+--------+--------+--------+--------+-----+--------+
         Total |  39130 |  36385 |   2745 |   9756 |  18214 |  32 | 1222.8 |
       Dungeon |  16370 |  15440 |    930 |   3788 |   9483 |  13 | 1259.2 |
        Temple |     91 |     82 |      9 |      0 |     58 |   1 |   91.0 |
          Lair |   9825 |   9149 |    676 |   2870 |   4839 |   6 | 1637.5 |
     Snake Pit |   7485 |   6908 |    577 |   2047 |   1965 |   4 | 1871.2 |
    Slime Pits |   1592 |   1443 |    149 |    425 |    306 |   5 |  318.4 |
  Orcish Mines |   2814 |   2413 |    401 |    483 |   1227 |   2 | 1407.0 |
      Ice Cave |    951 |    951 |      0 |    143 |    334 |   1 |  951.0 |
               +--------+--------+--------+--------+--------+-----+--------+

Top non-repeatable levels by time:
 Snake:3: 2579 daAuts
 Snake:4: 2553 daAuts
  Lair:3: 2296 daAuts
  Lair:6: 2176 daAuts
    D:10: 1927 daAuts
    D:13: 1761 daAuts
   Orc:2: 1605 daAuts
 Snake:2: 1587 daAuts
  Lair:4: 1506 daAuts
    D:12: 1449 daAuts
     D:8: 1367 daAuts
  Lair:2: 1352 daAuts
     D:4: 1340 daAuts
     D:9: 1305 daAuts
  Lair:1: 1281 daAuts
